 Dungeon Crawl Stone Soup version 0.30-a0-612-g150a0467c1 (webtiles) character file.

Game seed: 18230912215404805576

191 Leeroy the Insei (level 5, -7/41 HPs)
             Began as a Gnoll Transmuter on Jan 8, 2023.
             Mangled by an iguana (10 damage)
             ... on level 4 of the Dungeon.
             The game lasted 00:05:39 (2681 turns).

Leeroy the Insei (Gnoll Transmuter)                 Turns: 2681, Time: 00:05:40

Health: -7/41      AC:  2    Str:  9    XL:     5   Next: 70%
Magic:  12/12      EV: 13    Int: 14    God:
Gold:   204        SH:  0    Dex: 13    Spells: 4/14 levels left

rFire   . . .      SeeInvis .      - Unarmed
rCold   . . .      Faith    .    (no shield)
rNeg    . . .      Spirit   .    a - +0 robe
rPois   .          Reflect  .    (helmet currently unavailable)
rElec   .          Harm     .    (no cloak)
rCorr   .          Rampage  .    (no gloves)
Will    .....                    (boots currently unavailable)
Stlth   ++                       (no amulet)
HPRegen 0.26/turn                (no ring)
MPRegen 0.13/turn                (no ring)

@: appendages (expiring)
A: horns 2, talons 2, fangs 1, strong nose, distributed training
a: End Transformation


You were on level 4 of the Dungeon.
You had temporarily grown beastly horns and talons.
You visited 1 branch of the dungeon, and saw 4 of its levels.

You collected 204 gold pieces.

Inventory:

Hand Weapons
 n - a +0 short sword
 p - a +0 long sword
 t - a +0 rapier
Missiles
 d - 6 javelins
Armour
 a - a +0 robe (worn)
 o - a +0 pair of boots
Magical Staves
 m - a staff of fire
Scrolls
 c - a scroll of vulnerability {unknown}
 h - a scroll of fog {unknown}
 i - a scroll of brand weapon {unknown}
 j - a scroll of identify {unknown}
 k - a scroll of torment {unknown}
 q - a scroll of summoning {unknown}
 s - a scroll of poison {unknown}
 u - a scroll of amnesia {unknown}
Potions
 b - 2 potions of lignification
 e - a potion of mutation {unknown}
 f - a potion of might {unknown}
 g - 3 potions of heal wounds
 l - 2 potions of magic {unknown}
 r - 3 potions of attraction {unknown}
 v - a potion of resistance {unknown}
 w - a potion of curing {unknown}


   Skills:
 + Level 3.1 Fighting
 + Level 1.6 Short Blades
 + Level 1.6 Long Blades
 + Level 1.6 Axes
 + Level 1.6 Maces & Flails
 + Level 1.6 Polearms
 + Level 1.6 Staves
 + Level 1.6 Ranged Weapons
 + Level 1.6 Throwing
 + Level 1.6 Armour
 + Level 4.8 Dodging
 + Level 1.6 Stealth
 + Level 1.6 Shields
 + Level 6.7 Unarmed Combat
 + Level 5.2 Spellcasting
 + Level 1.3 Conjurations
 + Level 1.3 Hexes
 + Level 1.3 Summonings
 + Level 1.3 Necromancy
 + Level 1.3 Translocations
 + Level 4.0 Transmutations
 + Level 1.3 Fire Magic
 + Level 1.3 Ice Magic
 + Level 1.3 Air Magic
 + Level 1.3 Earth Magic
 + Level 1.3 Poison Magic
 + Level 1.9 Invocations
 + Level 1.6 Evocations


You had 4 spell levels left.
You knew the following spells:

 Your Spells              Type           Power      Damage    Failure   Level
a - Beastly Appendage     Tmut           30%        N/A       3%          1
b - Wereblood             Tmut           15%        N/A       4%          2
c - Spider Form           Tmut/Pois      11%        N/A       17%         3
d - Ice Form              Ice/Tmut       11%        N/A       50%         4

Your spell library contained the following spells:

 Spells                   Type           Power      Damage    Failure   Level
 Dazzling Flash           Conj/Hex       14%        N/A       30%         3
 Agony                    Necr           7%         N/A       95%         5
 Silence                  Hex/Air        3%         N/A       95%         5


Dungeon Overview and Level Annotations

Branches:
Dungeon (4/15)
 Temple: D:4-7

Altars:
Ru
Vehumet

Shops:
D:1 ?


Innate Abilities, Weirdness & Mutations

You have temporarily grown beastly horns and talons.
You have very sharp teeth.
Your uncanny sense of smell can sniff out nearby items.
Your experience applies equally to all skills.


Message History

You hit the iguana but do no damage.
You headbutt the iguana, but do no damage.
You hear the brisk rusting of a very distant drain.
The iguana closely misses you.
You punch the iguana! Your kick misses the iguana.
The iguana is heavily wounded.
The iguana bites you.
You barely miss the iguana. Your kick misses the iguana.
Your headbutt misses the iguana.
The iguana is heavily wounded.
The iguana barely misses you.
You hit the iguana. Your headbutt misses the iguana.
The iguana is heavily wounded.
The iguana closely misses you.
You hit the iguana but do no damage. Your kick misses the iguana.
You headbutt the iguana.
The iguana is severely wounded.
The iguana closely misses you.
You closely miss the iguana. You claw the iguana, but do no damage.
Your headbutt misses the iguana.
The iguana is severely wounded.
The iguana bites you!
You closely miss the iguana. Your kick misses the iguana.
Your punch misses the iguana.
The iguana is severely wounded.
You completely miss the iguana. You bite the iguana.
The iguana is severely wounded.
The iguana bites you.
You closely miss the iguana.
The iguana is severely wounded.
Your transformation is almost over.
The iguana bites you!
You barely miss the iguana. You claw the iguana. Your bite misses the iguana.
The iguana is almost dead.
The iguana bites you!
* * * LOW HITPOINT WARNING * * *
You barely miss the iguana.
The iguana is almost dead.
The iguana bites you!
You die...

#############
............#
........###.#
#######.# #.#
#######@###.#
......l...#)#
..........#)#
..........#.#
..........#.#
#######+###.#
#>..# #.###
#.#


You could see an iguana.

Vanquished Creatures
  A scorpion (D:3)
  An orc priest (D:4)
  3 adders
  2 worms (D:2)
  2 dart slugs
  3 orcs
  6 ball pythons
  5 bats
  7 endoplasms
  3 giant cockroaches
  4 goblins
  5 hobgoblins
  4 jackals (D:1)
  6 quokkas
  3 frilled lizards
  3 kobolds
  3 rats
61 creatures vanquished.

Notes
Turn   | Place    | Note
-------+----------+-------------------------------------------
     0 | D:1      | Leeroy the Gnoll Transmuter began the quest for the Orb.
     0 | D:1      | Reached XP level 1. HP: 17/17 MP: 6/6
   127 | D:1      | Reached XP level 2. HP: 23/23 MP: 7/7
   494 | D:1      | Reached skill level 5 in Spellcasting
   494 | D:1      | Reached XP level 3. HP: 25/28 MP: 7/9
   546 | D:1      | Found Yhuivvyph's Magic Scroll Emporium.
   550 | D:1      | Learned a level 2 spell: Wereblood
   554 | D:1      | Learned a level 3 spell: Spider Form
   797 | D:2      | Reached skill level 1 in Invocations
   832 | D:2      | Reached skill level 1 in Short Blades
   832 | D:2      | Reached skill level 1 in Long Blades
   832 | D:2      | Reached skill level 1 in Axes
   832 | D:2      | Reached skill level 1 in Maces & Flails
   832 | D:2      | Reached skill level 1 in Polearms
   832 | D:2      | Reached skill level 1 in Staves
   832 | D:2      | Reached skill level 1 in Ranged Weapons
   832 | D:2      | Reached skill level 1 in Throwing
   832 | D:2      | Reached skill level 1 in Armour
   832 | D:2      | Reached skill level 1 in Stealth
   832 | D:2      | Reached skill level 1 in Shields
   832 | D:2      | Reached skill level 1 in Evocations
  1143 | D:2      | Reached XP level 4. HP: 33/34 MP: 11/11
  1152 | D:2      | Learned a level 4 spell: Ice Form
  1348 | D:3      | Noticed a scorpion
  1526 | D:3      | Found a radiant altar of Vehumet.
  1754 | D:3      | Found a sacrificial altar of Ru.
  2100 | D:3      | Reached skill level 1 in Conjurations
  2100 | D:3      | Reached skill level 1 in Hexes
  2100 | D:3      | Reached skill level 1 in Summonings
  2100 | D:3      | Reached skill level 1 in Necromancy
  2100 | D:3      | Reached skill level 1 in Translocations
  2100 | D:3      | Reached skill level 1 in Fire Magic
  2100 | D:3      | Reached skill level 1 in Ice Magic
  2100 | D:3      | Reached skill level 1 in Air Magic
  2100 | D:3      | Reached skill level 1 in Earth Magic
  2100 | D:3      | Reached skill level 1 in Poison Magic
  2103 | D:3      | Killed a scorpion
  2104 | D:3      | Reached XP level 5. HP: 18/41 MP: 12/12
  2398 | D:4      | Noticed an ogre
  2681 | D:4      | Mangled by an iguana

Illustrated notes

Levels and vault maps discovered:
D:1:      tarquinn_simple_flora_water_a, layout_loops_cross, serial_shops, shop
D:2:      layout_rooms
D:3:      minmay_razor_zed, layout_loops_ring, lemuel_round_altar,
          mainiacjoe_overflow_catwalk, chequers_serial_rivers_marsh
D:4:      layout_basic, evilmike_ruin_ashenzari, kennysheep_little_box,
          mainiacjoe_overflow_catwalk_spiral, portal_sewer_entry_d,
          grunt_decor_fettered, chequers_jeans

Skill      XL: |  1  2  3  4  5 |
---------------+----------------+-----
Spellcasting   | 5 |  5.2
Invocations    | 1 |  1.9
Short Blades   | 1 |  1.6
Long Blades    | 1 |  1.6
Axes           | 1 |  1.6
Maces & Flails | 1 |  1.6
Polearms       | 1 |  1.6
Staves         | 1 |  1.6
Ranged Weapons | 1 |  1.6
Throwing       | 1 |  1.6
Armour         | 1 |  1.6
Stealth        | 1 |  1.6
Shields        | 1 |  1.6
Evocations     | 1 |  1.6
Conjurations   | 1 |  1.3
Hexes          | 1 |  1.3
Summonings     | 1 |  1.3
Necromancy     | 1 |  1.3
Translocations | 1 |  1.3
Fire Magic     | 1 |  1.3
Ice Magic      | 1 |  1.3
Air Magic      | 1 |  1.3
Earth Magic    | 1 |  1.3
Poison Magic   | 1 |  1.3
Fighting       | 3 |  3.1
Transmutations | 4 |  4.0
Dodging        | |  4.8
Unarmed Combat | |  6.7

Action                   |  1- 3 |  4- 6 || total
-------------------------+-------+-------++-------
Melee: Unarmed           |   118 |   102 ||   220
       Punch             |     3 |     4 ||     7
       Kick              |     2 |     6 ||     8
       Bite              |     5 |    11 ||    16
       Headbutt          |     1 |     4 ||     5
 Cast: Beastly Appendage |     5 |     2 ||     7
  Use: Potion            |       |     1 ||     1
 Stab: Sleeping          |     1 |     1 ||     2
Armor: Robe              |     9 |     9 ||    18
Dodge: Dodged            |    84 |    53 ||   137

Table legend: (Time is in decaauts)
 A = Elapsed time spent in this place.
 B = Non-inter-level travel time spent in this place.
 C = Inter-level travel time spent in this place.
 D = Time resting spent in this place.
 E = Time spent auto-exploring this place.
 F = Levels seen in this place.
 G = Mean time per level.
                   A        B        C        D        E       F      G
               +--------+--------+--------+--------+--------+-----+--------+
         Total |   2656 |   2556 |    100 |      0 |   2017 |   4 |  664.0 |
       Dungeon |   2656 |   2556 |    100 |      0 |   2017 |   4 |  664.0 |
               +--------+--------+--------+--------+--------+-----+--------+

Top non-repeatable levels by time:
     D:3: 1053 daAuts
     D:1: 780 daAuts
     D:2: 514 daAuts
     D:4: 308 daAuts
